 Dungeon Crawl Stone Soup version 0.19-a0-1896-g611e798 (webtiles) character file.

20 Naow the Sneak (level 2, -4/13 HPs)
             Began as a Spriggan Enchanter on Oct 19, 2016.
             Slain by a hobgoblin
             ... wielding a +0 club
              (7 damage)
             ... on level 1 of the Dungeon.
             The game lasted 00:01:50 (1445 turns).

Naow the Sneak (Spriggan Enchanter)                 Turns: 1445, Time: 00:01:50

Health: -4/13      AC:  3    Str:  4    XL:     2   Next: 58%
Magic:  6/6        EV: 19    Int: 16    God:
Gold:   16         SH:  0    Dex: 16    Spells: 1 memorised, 5 levels left

rFire  . . .     SeeInvis +     a - +1 dagger
rCold  . . .     Gourm    .     b - +1 robe
rNeg   . . .     Faith    .     (shield restricted)
rPois  .         Spirit   .     (helmet restricted)
rElec  .         Reflect  .     (no cloak)
rCorr  .         Harm     .     (gloves unavailable)
MR     .....                    (boots unavailable)
Stlth  +++.......               (no amulet)
                                (no ring)
                                e - ring of wizardry

@: very quick
A: unfitting armour, see invisible, herbivore 3, speed 3, slow metabolism 2
a: no special abilities


You were on level 1 of the Dungeon.
You were not hungry.

You visited 1 branch of the dungeon, and saw 1 of its levels.

You collected 16 gold pieces.

Inventory:

Hand Weapons
 a - a +1 dagger (weapon)
Armour
 b - a +1 robe (worn)
Jewellery
 e - a ring of wizardry (left hand)
Scrolls
 f - a scroll of remove curse {unknown}
 h - a scroll of identify {unknown}
 i - a scroll of random uselessness {unknown}
Potions
 g - a potion of berserk rage {unknown}
Books
 c - a book of Maledictions

   Spells                             Type                      Level
   a - Corona                         Hexes                        1
   b - Ensorcelled Hibernation        Hexes/Ice                    2
   c - Confuse                        Hexes                        3
   d - Tukima's Dance                 Hexes                        3
   e - Dazzling Spray                 Conjuration/Hexes            3
Comestibles
 d - a bread ration


   Skills:
 + Level 1.3 Short Blades
 + Level 3.6 Dodging
 + Level 5.1 Stealth
 + Level 2.7 Spellcasting
 + Level 3.8 Hexes


You had 5 spell levels left.
You knew the following spells:

 Your Spells              Type           Power        Failure   Level  Hunger
a - Corona                Hex            ##.....      1%          1    #......


Dungeon Overview and Level Annotations

Branches:
Dungeon (1/15)

Altars:


Innate Abilities, Weirdness & Mutations

You are very small and have problems with some larger weapons.
You are too small for most types of armour.
You have supernaturally acute eyesight. (SInv)
You are a herbivore.
You cover ground extremely quickly.
You need consume almost no food.


Message History

The hobgoblin closely misses you.
You closely miss the hobgoblin.
The hobgoblin is almost dead.
The hobgoblin throws a stone.
The stone completely misses you. The hobgoblin barely misses you.
You completely miss the hobgoblin.
The hobgoblin is almost dead.
The hobgoblin closely misses you.
You barely miss the hobgoblin.
The hobgoblin is almost dead.
The hobgoblin completely misses you. The hobgoblin barely misses you.
You barely miss the hobgoblin.
The hobgoblin is almost dead.
The hobgoblin closely misses you. The hobgoblin hits you with a dagger.
* * * LOW HITPOINT WARNING * * *
You barely miss the hobgoblin.
The hobgoblin is almost dead.
The hobgoblin hits you with a club!
Ouch! That really hurt!
You die...

########)#.# ......##.#.##
#####.##.#..# # #.......##
####### # ####.#...##
####...... # #.#.#..##
#....##### # #.#.##..#
#.#### #
#.#....(#########.# ##
#.####..(@g(......#
.#######.#
##.##g..#.#######
.........#
###....###..###..
........####........##.....
>.....).#....######.g##..#
........#.#### ##..#.##
.(........# ##...##
######...## #.....♣♣♣♣♣♣♣♣
.......### ##.###†♣<......


You could see 2 hobgoblins.

Vanquished Creatures
  A dart slug (D:1)
  A bat (D:1)
  2 giant cockroaches (D:1)
  2 goblins (D:1)
  3 hobgoblins (D:1)
  2 kobolds (D:1)
  A ball python (D:1)
  A frilled lizard (D:1)
  4 rats (D:1)
17 creatures vanquished.

Notes
Turn   | Place    | Note
-------+----------+-------------------------------------------
     0 | D:1      | Naow the Spriggan Enchanter began the quest for the Orb.
     0 | D:1      | Reached XP level 1. HP: 9/9 MP: 5/5
   481 | D:1      | Reached XP level 2. HP: 9/13 MP: 3/6
   962 | D:1      | Reached skill level 5 in Stealth
  1445 | D:1      | Slain by a hobgoblin

Vault maps used:
D:1:      tarquinn_simple_flora_water_a

Skill      XL: |  1  2 |
---------------+-------+-----
Stealth        | 5 |  5.1
Short Blades   | |  1.3
Dodging        | |  3.6
Spellcasting   | |  2.7
Hexes          | |  3.8

Action                   || total
-------------------------++-------
Melee: Dagger            ||   115
 Cast: Corona            ||     5
 Stab: Sleeping          ||     5
       Distracted        ||     1
Armor: Robe              ||    10
Dodge: Dodged            ||   100
